 Dungeon Crawl Stone Soup version 0.25-a0-842-g81a31cfd23 (webtiles) character file.

Game seed: 6286289957076243067, levelgen mode: deterministic

3305 kae the Cleaver (level 10, -3/91 HPs)
             Began as a Hill Orc Fighter on Apr 24, 2020.
             Was a Believer of Qazlal.
             Slain by a killer bee (7 damage)
             ... on level 8 of the Dungeon.
             The game lasted 00:04:40 (6580 turns).

kae the Cleaver (Hill Orc Fighter)                  Turns: 6580, Time: 00:04:40

Health: -3/91      AC:  9    Str: 23    XL:     10   Next: 1%
Magic:  15/15      EV:  7    Int: 12    God:    Qazlal [**....]
Gold:   420        SH: 12    Dex: 10    Spells: 9/9 levels left

rFire    . . .     SeeInvis .   a - +0 war axe
rCold    . . .     Gourm    .   c - +0 kite shield
rNeg     . . .     Faith    .   b - +1 scale mail
rPois    .         Spirit   .   (no helmet)
rElec    .         Reflect  .   (no cloak)
rCorr    .         Harm     .   n - +0 pair of gloves
MR       .....                  (no boots)
Stlth    ..........             (no amulet)
HPRegen  0.25/turn              r - +4 ring of slaying
MPRegen  0.14/turn              s - +4 ring of intelligence

@: mighty, lethally poisoned (-3 -> -13)
A: no striking features
a: Upheaval, Renounce Religion, Convert to Beogh


You were on level 8 of the Dungeon.
You worshipped Qazlal.
Qazlal was pleased with you.
You were not hungry.

You visited 1 branch of the dungeon, and saw 8 of its levels.

You collected 420 gold pieces.

Inventory:

Hand Weapons
 a - a +0 war axe (weapon)
Armour
 b - a +1 scale mail (worn)
 c - a +0 kite shield (worn)
 n - a +0 pair of gloves (worn)
Jewellery
 e - an uncursed ring of resist corrosion
 l - an uncursed ring of positive energy
 r - a +4 ring of slaying (left hand)
 s - a +4 ring of intelligence (right hand)
 B - an uncursed ring of positive energy
Wands
 q - a wand of iceblast (8)
 u - a wand of polymorph (26)
 v - a wand of flame (13)
 y - a wand of random effects (13)
Scrolls
 i - 5 scrolls of identify
 k - a scroll of teleportation
 o - 2 scrolls of remove curse
 x - a scroll of blinking
Potions
 d - a potion of might
 g - 2 potions of flight
 h - 2 potions of brilliance
 m - a potion of mutation
 p - a potion of curing
 t - a potion of stabbing
 z - 2 potions of magic
Comestibles
 f - 11 rations


   Skills:
 + Level 9.3 Fighting
 * Level 13.0 Axes
 - Level 3.2 Armour
 - Level 3.2 Shields
 + Level 7.6 Invocations


You had 9 spell levels left.
You didn't know any spells.
Your spell library contained the following spells:

 Spells                   Type           Power        Failure   Level  Hunger
 Animate Skeleton         Necr           N/A          98%         1    ##.....
 Apportation              Tloc           #.....       98%         1    ##.....
 Corona                   Hex            #......      98%         1    ##.....
 Foxfire                  Conj/Fire      #...         98%         1    ##.....
 Sandblast                Erth           #.....       98%         1    ##.....
 Shock                    Conj/Air       #...         98%         1    ##.....
 Summon Small Mammal      Summ           #...         98%         1    ##.....
 Passwall                 Tmut/Erth      #.......     99%         2    ###....
 Swiftness                Chrm/Air       #.......     99%         2    ###....
 Conjure Flame            Conj/Fire      #.......     100%        3    ####...
 Inner Flame              Hex/Fire       #.......     100%        3    ####...
 Static Discharge         Conj/Air       #.......     100%        3    ####...
 Stone Arrow              Conj/Erth      #.....       100%        3    ####...
 Airstrike                Air            #.........   100%        4    #####..
 Petrify                  Tmut/Erth      #.......     100%        4    #####..
 Sticky Flame             Conj/Fire      #.......     100%        4    #####..
 Fireball                 Conj/Fire      #.........   100%        5    ######.
 Lee's Rapid Deconstruct  Erth           #.........   100%        5    ######.
 Lightning Bolt           Conj/Air       #.........   100%        5    ######.


Dungeon Overview and Level Annotations

Branches:
Dungeon (8/15)             Temple (0/1) D:6            Lair (0/6) D:8

Altars:
Dithmenos
Elyvilon
Fedhas
Makhleb
Qazlal
Sif Muna
Vehumet
Xom
Yredelemnul


Message History

You are more poisoned.
The killer bee poisons you! You block the killer bee's attack.
The killer bee stings you but does no damage. x2
The orc priest shouts, "Surrender to Beogh and we'll let you live!"
The orc priest hits you but does no damage.
The killer bee stings you but does no damage.
The killer bee stings you.
* * * LOW HITPOINT WARNING * * *
You hit the killer bee.
The killer bee is moderately wounded.
You closely miss the killer bee. You hit the killer bee.
You feel sick.
The killer bee stings you but does no damage.
You block the killer bee's attack. The killer bee closely misses you.
The killer bee stings you!
* * * LOW HITPOINT WARNING * * *
The orc priest mumbles some strange prayers to Beogh against you.
Beogh smites you!
* * * LOW HITPOINT WARNING * * *
The killer bee barely misses you. The killer bee stings you!
You die...

.<..................)
......#.).......#..#
#?..##......##.# #
#....#.)..### ..#
..#....#.##...# ##
.........###..#
.........## #...
..#.....†.# ..oY
#....§@y# ##..
....##†yy.# ..
.....#o....#
...$....#....
........##....
.>....# ...... ......
...... ...... ......


You could see 3 killer bees and an orc priest.

Vanquished Creatures
  A hippogriff (D:7)
  Sigmund (D:3)
  A hungry ghost (D:7)
  2 orc warriors (D:7)
  An ice beast (D:7)
  A hornet zombie (D:5)
  Purgy (D:3)
  2 sky beasts
  A centaur (D:6)
  An ogre (D:7)
  5 bullfrogs
  A scorpion (D:5)
  2 killer bees (D:8)
  4 crimson imps
  A bullfrog zombie (D:7)
  A quasit (D:7)
  2 jellies (D:5)
  6 orc priests
  3 bullfrog skeletons
  4 hounds
  3 centaur skeletons
  Jessica (D:2)
  3 iguanas
  Natasha (thrice) (D:2)
  9 orc wizards
  5 worker ants
  A worker ant zombie (D:3)
  10 adders
  A shadow imp (D:5)
  An ooze (D:1)
  An adder skeleton (D:3)
  5 worms
  3 dart slugs
  6 leopard geckos
  36 orcs
  6 giant cockroaches
  2 gnoll zombies (D:5)
  8 goblins
  9 hobgoblins
  A jackal (D:4)
  4 quokkas
  2 ball pythons
  5 bats
  3 frilled lizards
  10 kobolds
  A quokka skeleton (D:3)
  3 quokka zombies
  8 rats
191 creatures vanquished.

Notes
Turn   | Place    | Note
-------+----------+-------------------------------------------
     0 | D:1      | kae the Hill Orc Fighter began the quest for the Orb.
     0 | D:1      | Reached XP level 1. HP: 19/19 MP: 1/1
    31 | D:1      | Reached skill level 3 in Axes
   252 | D:1      | Reached XP level 2. HP: 27/27 MP: 2/2
   409 | D:1      | Reached skill level 4 in Axes
   432 | D:1      | Reached XP level 3. HP: 27/33 MP: 3/3
   695 | D:2      | Noticed Jessica
   700 | D:2      | Killed Jessica
   719 | D:2      | Reached XP level 4. HP: 39/41 MP: 4/4
   723 | D:2      | Reached skill level 5 in Axes
   827 | D:2      | Noticed a bullfrog
   839 | D:2      | Killed a bullfrog
   839 | D:2      | Reached XP level 5. HP: 14/47 MP: 5/5
  1041 | D:2      | Reached skill level 5 in Fighting
  1041 | D:2      | Reached skill level 6 in Axes
  1316 | D:2      | Noticed Natasha
  1321 | D:2      | Killed Natasha
  1713 | D:2      | Noticed Natasha
  1720 | D:2      | Killed Natasha
  1720 | D:2      | Reached XP level 6. HP: 51/56 MP: 6/6
  1921 | D:2      | Noticed Natasha
  1925 | D:2      | Killed Natasha
  1925 | D:2      | Reached skill level 7 in Axes
  2503 | D:3      | Found a stormy altar of Qazlal.
  2570 | D:3      | Found a blossoming altar of Fedhas.
  2594 | D:3      | Reached skill level 8 in Axes
  2607 | D:3      | Became a worshipper of Qazlal Stormbringer
  2630 | D:3      | Reached XP level 7. HP: 63/63 MP: 7/7
  2825 | D:3      | Noticed Purgy
  2832 | D:3      | Killed Purgy
  2832 | D:3      | Reached skill level 1 in Invocations
  3014 | D:3      | Noticed Sigmund
  3029 | D:3      | Killed Sigmund
  3679 | D:4      | Reached skill level 9 in Axes
  3831 | D:4      | Reached XP level 8. HP: 47/71 MP: 10/10
  4058 | D:5      | Entered Level 5 of the Dungeon
  4284 | D:5      | Reached * piety under Qazlal
  4386 | D:5      | Reached skill level 10 in Axes
  4543 | D:5      | Found a basalt altar of Yredelemnul.
  4609 | D:5      | Found a burning altar of Makhleb.
  4609 | D:5      | Found a shimmering altar of Xom.
  4615 | D:5      | Found a shadowy altar of Dithmenos.
  4618 | D:5      | Found a faded altar of an unknown god.
  4619 | D:5      | Found a shimmering blue altar of Sif Muna.
  4863 | D:6      | Found a staircase to the Ecumenical Temple.
  5051 | D:6      | Reached skill level 5 in Invocations
  5268 | D:6      | Reached skill level 11 in Axes
  5337 | D:6      | Reached XP level 9. HP: 81/81 MP: 11/13
  5379 | D:6      | Found a radiant altar of Vehumet.
  5721 | D:7      | Found a shimmering altar of Xom.
  5841 | D:7      | Reached skill level 12 in Axes
  5856 | D:7      | HP: 4/82 [orc warrior/+0 short sword (9)]
  5858 | D:7      | Reached ** piety under Qazlal
  6195 | D:7      | Found a white marble altar of Elyvilon.
  6552 | D:8      | Found a staircase to the Lair.
  6579 | D:8      | Reached skill level 13 in Axes
  6579 | D:8      | Reached XP level 10. HP: 35/91 MP: 15/15
  6580 | D:8      | HP: 4/91 [orc priest/divine providence (10)]
  6580 | D:8      | Slain by a killer bee

Levels and vault maps discovered:
D:1:      dpeg_arrival_rooms_a, layout_basic
D:2:      layout_loops_ring, minmay_small_reverse_x, uniq_jessica, uniq_natasha
D:3:      layout_basic, grunt_temple_overflow_forces_of_nature, serial_undead,
          serial_undead_b, serial_undead_e, serial_undead_a, serial_undead_f,
          uniq_sigmund, uniq_purgy
D:4:      layout_gridville, minmay_box_of_dots
D:5:      layout_cave_pools, chequers_temple_overflow_minitemple,
          lemuel_zombie_altar_yredelemnul, first_ration
D:6:      layout_basic, lemuel_crystal_altar, minmay_temple_entry_from_below_a
D:7:      layout_cave_pools, basic_altar, elyvilon_altar_3
D:8:      layout_cave_pools, lair_entry_dummy, hangedman_ranch
          [blue_anna_fruit_fields], minmay_another_anthill

Skill      XL: |  1  2  3  4  5  6  7  8  9 |
---------------+----------------------------+-----
Axes           | 3 4 5 6 8 9 11 13 | 13.0
Fighting       | 4 5 6 7 9 |  9.3
Invocations    | 3 5 7 |  7.6
Armour         | |  3.2
Shields        | |  3.2

Action                   |  1- 3 |  4- 6 |  7- 9 | 10-12 || total
-------------------------+-------+-------+-------+-------++-------
Melee: War axe           |    58 |   140 |   342 |     1 ||   541
  Use: Scroll            |       |       |    19 |       ||    19
       Potion            |       |       |     3 |       ||     3
  Eat: Chunk             |       |     6 |    11 |       ||    17
       Ration            |       |       |     1 |       ||     1
Armor: Scale mail        |    30 |    49 |   129 |     5 ||   213
Dodge: Dodged            |    18 |    46 |    71 |     2 ||   137
Block: Kite shield       |    25 |    58 |   158 |     2 ||   243

Table legend:
 A = Non-vault XP
 B = Vault XP
 C = Vault XP percentage of total XP
 D = Non-vault monster count
 E = Vault monster count
 F = Vault count percentage of total count
                 A         B        C        D         E       F
            +---------+---------+-------+---------+---------+-------
      Total |    4253 |     469 |   9.9 |     175 |      16 |   8.4
            +---------+---------+-------+---------+---------+-------
        D:1 |      43 |       0 |   0.0 |      21 |       0 |   0.0
        D:2 |     248 |      82 |  24.8 |      27 |       6 |  18.2
        D:3 |     266 |     382 |  59.0 |      35 |       7 |  16.7
        D:4 |     188 |       2 |   1.1 |      12 |       1 |   7.7
        D:5 |     614 |       3 |   0.5 |      19 |       2 |   9.5
        D:6 |     795 |       0 |   0.0 |      20 |       0 |   0.0
        D:7 |    1612 |       0 |   0.0 |      31 |       0 |   0.0
        D:8 |     487 |       0 |   0.0 |      10 |       0 |   0.0
            +---------+---------+-------+---------+---------+-------
